cohdb
Replays
Latest Replays
All Replays
Popular Replays
Top Player Replays
Match Explorer
How It Works
Community
CoH3 Stats
Reddit
Sign in to upload your games and track your stats! →
Sign in with Steam
Match 45169381
Unlisted
Match 45169381
Overview
Messages
Build Orders
End
Kradschützen Motorcycle Team
Panzergrenadier Squad
250 Light Carrier
Construct Light Support Kompanie
Selects Armored Support Battlegroup
MG34 Team
Selects Superior Fire Drills
Combat Half-tracks
Fire Support Elements
Flakvierling Half-track
Pak 38 Mechanized Group
Vehicle Survival Package
Selects Flammpanzer III Medium Tank
Flammpanzer III Medium Tank
Pak 38 Anti-tank Gun Team
Flammpanzer III Medium Tank
Selects Salvage Kits
Advanced Field Repairs
KillandGrill
aciclovir
DebaKLe
sgtViveron
0
0
Comments
sign in to comment!
No comments posted yet!